 Dungeon Crawl Stone Soup version 0.25.1-11-g244df3a29b (webtiles) character file.

Game seed: 11073018653695736341

66 DeepDeath the Vexing (level 4, -1/33 HPs)
             Began as a Hill Orc Enchanter on Dec 23, 2023.
             Killed from afar by an orc wizard (10 damage)
             ... with a magic dart
             ... on level 3 of the Dungeon.
             The game lasted 00:08:48 (3098 turns).

DeepDeath the Vexing (Hill Orc Enchanter)           Turns: 3098, Time: 00:08:48

Health: -1/33      AC:  4    Str: 11    XL:     4   Next: 15%
Magic:  3/7        EV: 12    Int: 15    God:
Gold:   150        SH:  5    Dex: 11    Spells: 3/7 levels left

rFire    . . .     SeeInvis .   a - +1 dagger
rCold    . . .     Gourm    .   (no shield)
rNeg     . . .     Faith    .   b - +0 robe
rPois    .         Spirit   .   (no helmet)
rElec    .         Reflect  +   o - +0 cloak
rCorr    .         Harm     .   (no gloves)
MR       .....                  l - +0 pair of boots
Stlth    +++.......             m - amulet of reflection
HPRegen  0.11/turn              i - ring of stealth
MPRegen  0.10/turn              (no ring)

@: very slightly contaminated
A: no striking features
a: no special abilities


You were on level 3 of the Dungeon.
You were hungry.

You visited 1 branch of the dungeon, and saw 3 of its levels.

You collected 150 gold pieces.

Inventory:

Hand Weapons
 a - a +1 dagger (weapon)
 g - a +0 whip of freezing
Missiles
 c - 9 bolts
 e - 62 arrows
 h - 102 stones
 k - 9 poisoned darts (quivered)
 r - 26 sling bullets
Armour
 b - a +0 robe (worn)
 j - a +0 buckler
 l - a +0 pair of boots (worn)
 o - a +0 cloak (worn)
 p - a +0 helmet
Jewellery
 i - a ring of stealth (left hand)
 m - an amulet of reflection (around neck)
Scrolls
 f - 2 scrolls of remove curse
 s - a scroll of identify
Potions
 n - a potion of curing
Comestibles
 d - 3 rations


   Skills:
 * Level 2.9 Short Blades
 - Level 1.5 Dodging
 - Level 2.4 Stealth
 + Level 0.2 Shields
 - Level 2.0 Spellcasting
 + Level 3.5 Hexes


You had 3 spell levels left.
You knew the following spells:

 Your Spells              Type           Power        Failure   Level  Hunger
c - Corona                Hex            ##.....      5%          1    #......
t - Tukima's Dance        Hex            ##......     16%         3    ###....

Your spell library contained the following spells:

 Spells                   Type           Power        Failure   Level  Hunger
 Ensorcelled Hibernation  Hex/Ice        #.....       16%         2    ###....
 Confusing Touch          Hex            ##......     16%         3    ###....
 Dazzling Flash           Conj/Hex       #.....       32%         3    ###....


Dungeon Overview and Level Annotations

Branches:
Dungeon (3/15)

Altars:
Hepliaklqana


Message History

The orc hits you from afar with a +0 trident.
The orc wizard barely misses you.
You hit the orc wizard.
The orc wizard is moderately wounded.
The orc wizard barely misses you. The orc misses you.
You hit the orc wizard.
The orc wizard is heavily wounded.
The orc wizard gestures at you while chanting.
You resist with some effort. The orc misses you.
You block the orc wizard's attack.
You hit the orc wizard but do no damage.
The orc wizard is heavily wounded.
The orc wizard hits you but does no damage.
The orc hits you from afar with a +0 trident!
* * * LOW HITPOINT WARNING * * *
You hit the orc wizard but do no damage.
The orc wizard is heavily wounded.
The orc wizard points at you and mumbles some strange words.
The magic dart hits you!
You die...

#............####...≈≈≈≈.♣≈≈≈≈≈
##.......##.## #...≈≈≈≈≈(_♣≈≈≈≈
#.........#.# #....≈≈≈≈♣≈≈
#.........#.# #...≈.≈≈≈≈≈≈
#.>.......#.# ##o.≈≈≈≈h≈≈≈
#...........# #ro..≈h≈≈≈≈≈
#..........## #(##≈....≈o.
#.......#.#####o##..≈≈≈.≈o
.....##.##.@or##........
#######.#..#####.....###
#......## #.....# #......#
#.....# #......# #......
########


You could see an orc wizard (fast, corona), an orc (poisoned, corona) and a rat.

Vanquished Creatures
  An adder (D:2)
  A worm (D:2)
  2 dart slugs (D:1)
  A leopard gecko (D:2)
  An orc (D:3)
  2 giant cockroaches (D:1)
  5 hobgoblins
  11 jackals
  8 kobolds
  A quokka (D:2)
  3 bats
  2 frilled lizards
  2 goblins (D:1)
  4 rats
44 creatures vanquished.

Notes
Turn   | Place    | Note
-------+----------+-------------------------------------------
     0 | D:1      | DeepDeath the Hill Orc Enchanter began the quest for the
                  | Orb.
     0 | D:1      | Reached XP level 1. HP: 14/14 MP: 3/3
   311 | D:1      | Reached XP level 2. HP: 20/20 MP: 1/4
  1424 | D:1      | Reached XP level 3. HP: 24/26 MP: 3/5
  2687 | D:3      | Found a faded altar of an unknown god.
  2738 | D:2      | Learned a level 3 spell: Tukima's Dance
  2818 | D:3      | Reached XP level 4. HP: 33/33 MP: 7/7
  2888 | D:3      | Found a hazy altar of Hepliaklqana.
  3098 | D:3      | Killed from afar by an orc wizard

Illustrated notes

Levels and vault maps discovered:
D:1:      eino_arrival_tree_alley, layout_basic, minivault_14
D:2:      layout_loops_ring, chequers_decorated_corner,
          small_statue_intersection
D:3:      layout_rooms, lemuel_coloured_pillars_altar,
          amethyst_overflow_temple_binary, chequers_ecumenical_altar_island,
          ebering_ghost_rock_garden, uniq_ijyb

Skill      XL: |  1  2  3 |
---------------+----------+-----
Short Blades   | 2 |  2.9
Spellcasting   | 2 |  2.0
Dodging        | |  1.5
Stealth        | |  2.4
Shields        | |  0.2
Hexes          | |  3.5

Action                   |  1- 3 |  4- 6 || total
-------------------------+-------+-------++-------
Melee: Dagger            |   125 |    47 ||   172
Throw: Stone             |     6 |       ||     6
       Dart              |    22 |    10 ||    32
 Cast: Corona            |    38 |     8 ||    46
  Use: Potion            |     1 |       ||     1
       Scroll            |     7 |       ||     7
 Stab: Sleeping          |     8 |       ||     8
  Eat: Ration            |     1 |       ||     1
       Chunk             |     3 |     1 ||     4
Armor: Robe              |    30 |    13 ||    43
Dodge: Dodged            |    74 |    35 ||   109
Block: Other             |       |    11 ||    11
